 Dungeon Crawl Stone Soup version 0.17.1-2-g5865329 (webtiles) character file.

40 pipel the Grave Robber (level 3, -2/16 HPs)
             Began as a Vine Stalker Necromancer on Jan 22, 2016.
             Slain by a hound (4 damage)
             ... on level 3 of the Dungeon.
             The game lasted 00:07:38 (602 turns).

pipel the Grave Robber (Vine Stalker Necromancer)    Turns: 602, Time: 00:07:38

Health: -2/16      AC:  2    Str: 10    XL:     3   Next: 50%
Magic:  0/16       EV: 17    Int: 15    God:
Gold:   38         SH:  0    Dex: 20    Spells: 3 memorised, 2 levels left

rFire  . . .     SeeInvis .       - Unarmed
rCold  . . .     Clarity  .     a - +0 robe
rNeg   . . .     SustAt   .     (no shield)
rPois  .         Gourm    .     (no helmet)
rElec  .         Spirit   +     (no cloak)
rCorr  .         Warding  .     (no gloves)
rMut   .         Stasis   .     (no boots)
MR     .....                    (no amulet)
Stlth  +++.......               (no ring)
                                h - ring of magical power

@: agile, very slightly contaminated, not resistant to hostile enchantments,
fairly stealthy
A: fangs 2, regeneration 1, magic shield, antimagic bite, no device heal 3, rot
immunity
a: no special abilities


You were on level 3 of the Dungeon.
You were not hungry.

You visited 1 branch of the dungeon, and saw 4 of its levels.

You collected 38 gold pieces.

Inventory:

Missiles
 d - 15 poisoned needles
Armour
 a - a +0 robe (worn)
Jewellery
 h - a ring of magical power (left hand)
Scrolls
 g - a scroll of enchant weapon
Books
 b - a book of Necromancy

   Spells                             Type                      Level
   a - Pain                           Necromancy                   1
   b - Animate Skeleton               Necromancy                   1
   c - Vampiric Draining              Necromancy                   3
   d - Regeneration                   Charms/Necromancy            3
   e - Animate Dead                   Necromancy                   4
   f - Control Undead                 Necromancy                   4
Comestibles
 c - 3 bread rations


   Skills:
 - Level 1.5 Dodging
 - Level 2.4 Stealth
 + Level 2.0 Unarmed Combat
 - Level 2.5 Spellcasting
 + Level 4.4 Necromancy


You had 2 spell levels left.
You knew the following spells:

 Your Spells              Type           Power        Failure   Level  Hunger
a - Animate Skeleton      Necr           N/A          3%          1    #......
p - Pain                  Necr           ###.         3%          1    #......
r - Regeneration          Chrm/Necr      #.........   30%         3    ###....


Dungeon Overview and Level Annotations

Branches:
Dungeon (4/15)
 Temple: D:4-7

Altars:


Innate Abilities, Weirdness & Mutations

You have extremely sharp teeth.
Your natural rate of healing is unusually fast.
When hurt, damage is shared between your health and your magic reserves.
Your bite disrupts and absorbs the magic of your enemies.
Potions and wands cannot restore your health.
You are immune to rotting.


Message History

The hound completely misses you. The hound closely misses you.
You barely miss the hound.
The hound is heavily wounded.
The hound bites you.
You miss the hound.
The hound is heavily wounded.
The hound misses you. The hound bites you.
* * * LOW HITPOINT WARNING * * *
Read which item? (? for menu, Esc to quit)
Okay, then.
Drink which item? (? for menu, Esc to quit)
It was a potion of agility.
You feel agile all of a sudden. The hound barely misses you.
You completely miss the hound.
The hound is heavily wounded.
The hound bites you.
* * * LOW HITPOINT WARNING * * *
The hound bites you.
You die...

#.# ..# #.# ..#
#.# ..# #.# #.#
#<# #.# #.# #.#
#.# #.#
#.###.#####.#
#......h@...#
#####.###...>...
#># .###### #.#
.# #.# .# #.# .#
#.# .. #.# ##
#.#


You could see a hound.

Vanquished Creatures
  A giant gecko (D:2)
  A bat (D:1)
  2 giant cockroaches (D:1)
  A goblin (D:1)
  5 hobgoblins
  5 jackals (D:2)
  3 kobolds
  A quokka (D:2)
  A ball python (D:1)
  A rat (D:2)
21 creatures vanquished.

Vanquished Creatures (collateral kills)
  An adder (D:2)
  An ooze (D:2)
  A giant newt (D:2)
3 creatures vanquished.

Grand Total: 24 creatures vanquished

Notes
Turn   | Place    | Note
--------------------------------------------------------------
     0 | D:1      | pipel the Vine Stalker Necromancer began the quest for the Orb.
     0 | D:1      | Reached XP level 1. HP: 9/9 MP: 4/4
    90 | D:1      | Learned a level 1 spell: Animate Skeleton
   106 | D:1      | Reached skill level 1 in Unarmed Combat
   146 | D:1      | Reached XP level 2. HP: 13/13 MP: 1/6
   366 | D:2      | Reached XP level 3. HP: 9/16 MP: 7/7
   371 | D:2      | Learned a level 3 spell: Regeneration
   575 | D:4      | Noticed an ogre
   602 | D:3      | Slain by a hound

Action                   || total
-------------------------++-------
Melee: Unarmed           ||    50
 Cast: Pain              ||    41
       Animate Skeleton  ||     6
       Regeneration      ||     3
  Use: Scroll            ||     3
       Potion            ||     1
